 Dungeon Crawl Stone Soup version 0.29-a0-275-g389c0b56f3 (webtiles) character file.

Game seed: 13471592369183906056

1 jmlagarto the Ducker (level 1, 0/16 HPs)
             Began as an Octopode Monk on Mar 11, 2022.
             Slain by a bat (1 damage)
             ... on level 1 of the Dungeon.
             The game lasted 00:00:20 (26 turns).

jmlagarto the Ducker (Octopode Monk)                  Turns: 26, Time: 00:00:21

Health: 0/16       AC:  1    Str: 10    XL:     1   Next: 20%
Magic:  1/1        EV: 14    Int: 12    God:
Gold:   0          SH:  0    Dex: 14    Spells: 0/0 levels left

rFire   . . .      SeeInvis .   (no weapon)
rCold   . . .      Faith    .   (no shield)
rNeg    . . .      Spirit   .   (helmet restricted)
rPois   .          Reflect  .   (no amulet)
rElec   .          Harm     .   (no ring)
rCorr   .          Rampage  .   (no ring)
Will    .....                   (no ring)
Stlth   +++.......              (no ring)
HPRegen 0.05/turn               (no ring)
MPRegen 0.07/turn               (no ring)
                                (no ring)
                                (no ring)

@: no status effects
A: almost no armour, amphibious, 8 rings, camouflage 1, gelatinous body 1,
(nimble swimmer 1), tentacles
a: no special abilities


You were on level 1 of the Dungeon.
You visited 1 branch of the dungeon, and saw 1 of its levels.

Inventory:

Potions
 b - a potion of ambrosia


   Skills:
 + Level 3.0 Fighting
 - Level 3.0 Polearms
 + Level 0.0(1.7) Staves
 + Level 3.0 Dodging
 + Level 2.7 Stealth
 + Level 0.0 Unarmed Combat


You couldn't memorise any spells.
You didn't know any spells.
Your spell library contained the following spells:

 Spells                   Type           Power      Damage    Failure   Level
 Animate Skeleton         Necr           0%         N/A       32%         1
 Pain                     Necr           0%         1d4       32%         1
 Vampiric Draining        Necr           0%         2d6       69%         3


Dungeon Overview and Level Annotations

Branches:
Dungeon (1/15)

Altars:


Innate Abilities, Weirdness & Mutations

You cannot wear most types of armour.
You are amphibious.
You can wear up to eight rings at the same time.
Your skin changes colour to match your surroundings (Stealth+).
Your rubbery body absorbs attacks. (AC +1, EV +1)
((You are camouflaged when in or above water. (Stealth+)))
You have tentacles for arms and can constrict up to eight enemies at once.


Message History

Welcome, jmlagarto the Octopode Monk.
The heart of this dungeon contains the marvelous artefact, the Orb of Zot.
Press ? for a list of commands and other information.
Found a book of Necromancy.
Found a staircase leading out of the dungeon.
There is a shaft here.
You pick up a book of Necromancy and begin reading...
You add the spells Pain, Animate Skeleton and Vampiric Draining to your library.
A frilled lizard and a gnoll come into view.
Found a brown potion.
You are now empty-tentacled.
You drop a +0 spear.
The gnoll shouts!
A bat and a kobold come into view.
The frilled lizard barely misses you.
You closely miss the frilled lizard. Your grab misses the frilled lizard.
The frilled lizard barely misses you.
You closely miss the frilled lizard. You grab the frilled lizard.
Your squeeze misses the frilled lizard. You constrict the frilled lizard.
The bat hits you. The frilled lizard misses you.
You tentacle-slap the frilled lizard.
You kill the frilled lizard!
The bat hits you.
A bat comes into view.
A goblin comes into view. It is wielding a +0 dagger.
The bat closely misses you.
You see here a frilled lizard corpse.
You miss the kobold.
The goblin shouts!
You grab the kobold. You squeeze the kobold.
You kill the kobold!
The bat barely misses you. The gnoll hits you with a +0 whip.
You miss the bat. You grab the bat. You constrict the bat.
The bat hits you but does no damage.
The bat struggles to escape constriction.
The bat hits you. The gnoll hits you with a +0 whip.
* * * LOW HITPOINT WARNING * * *
The bat hits you.
You die...

. ..#. . ... .... .
#..##.##...# #..# .. .
#..#.#. .. ...#... .
####.##..##.##.$....b
.##...#.#..#..#$..#..#
#.#.###.##...#..##...# .
#.^###.#.#..#.)....# ...
<###..##.##.....b##.....
.#...# ##.#..##b@.......
#.### #.#...#.g#).##...
### ..#..#...#....g.
###.#.....#.#...!..
#...#....##....##
#.##....#....#...
##...#...........
###############


You could see a gnoll, a goblin and 2 bats.

Vanquished Creatures
  A frilled lizard (D:1)
  A kobold (D:1)
2 creatures vanquished.

Notes
Turn   | Place    | Note
-------+----------+-------------------------------------------
     0 | D:1      | jmlagarto the Octopode Monk began the quest for the Orb.
     0 | D:1      | Reached XP level 1. HP: 16/16 MP: 1/1
    26 | D:1      | Slain by a bat

Illustrated notes

Levels and vault maps discovered:
D:1:      erik_arrival_cave_to_civilisation [erik_arrival_cave_to_hall],
          layout_loops_ring, corner_web_ring

Action                   || total
-------------------------++-------
Melee: Unarmed           ||     5
       Constrict         ||     3
       Tentacles         ||     1
Armor: Skin              ||     1
Dodge: Dodged            ||     5

Table legend: (Time is in decaauts)
 A = Elapsed time spent in this place.
 B = Non-inter-level travel time spent in this place.
 C = Inter-level travel time spent in this place.
 D = Time resting spent in this place.
 E = Time spent auto-exploring this place.
 F = Levels seen in this place.
 G = Mean time per level.
                   A        B        C        D        E       F      G
               +--------+--------+--------+--------+--------+-----+--------+
         Total |     26 |     26 |      0 |      0 |     16 |   1 |   26.0 |
       Dungeon |     26 |     26 |      0 |      0 |     16 |   1 |   26.0 |
               +--------+--------+--------+--------+--------+-----+--------+

Top non-repeatable levels by time:
     D:1: 26 daAuts
